General information
- name: BNet
- type: Ladder team game (AT/RT)
- host: Battle.net
- saver: theinternetking
map: MarketSquare
- players: 8
- length: 41:20
- speed: Fast
- version: 1.27 W3XP
- replay type: Public
» download(290 KB)
Players
team 1 (loser)

»
t_K (
blue | 86 APM | 3495 actions | 40:50)
7 Tauren Chieftain
3 War Stomp
3 Endurance Aura
1 Reincarnation
6 Shadow Hunter
3 Hex
3 Healing Wave
1 Blademaster
1 Wind Walk
» actions
| Assign group hotkey | 86 | |
| Basic commands | 230 | |
| Build / train | 141 | |
| Enter build submenu | 44 | |
| Enter hero's abilities submenu | 14 | |
| Give item / drop item | 4 | |
| Remove unit from queue | 4 | |
| Right click | 1095 | |
| Select / deselect | 924 | |
| Select group hotkey | 753 | |
| Use ability | 200 | |
3495 total
» units
| Peon | 27 | |
| Grunt | 7 | |
| Troll Witch Doctor | 15 | |
| Tauren | 11 | |
| Spirit Walker | 6 | |
| Troll Batrider | 19 | |
85 total
» upgrades
| Armor | 3 | |
| Melee Weapons | 2 | |
| Witch Doctor Training | 2 | |
| Pulverize | 1 | |
| Reinforced Defenses | 1 | |
| Spirit Walker Training | 2 | |
11 total
» buildings
| Altar of Storms | 1 | |
| Orc Burrow | 10 | |
| Barracks | 1 | |
| Voodoo Lounge | 2 | |
| Stronghold | 1 | |
| War Mill | 1 | |
| Fortress | 2 | |
| Spirit Lodge | 1 | |
| Great Hall | 4 | |
| Watch Tower | 19 | |
| Tauren Totem | 1 | |
| Beastiary | 1 | |
44 total
» build order
00:25 Altar of Storms
00:37 Orc Burrow
00:54 Barracks
01:42 Orc Burrow
02:25 Voodoo Lounge
03:00 Orc Burrow
04:39 Stronghold
05:21 Orc Burrow
06:02 War Mill
07:13 Fortress
07:15 Spirit Lodge
07:42 Orc Burrow
07:43 Orc Burrow
09:49 Great Hall
10:24 Watch Tower
10:25 Watch Tower
10:27 Watch Tower
10:35 Tauren Totem
11:38 Watch Tower
12:32 Great Hall
13:04 Watch Tower
14:28 Great Hall
14:30 Watch Tower
14:53 Watch Tower
15:40 Watch Tower
18:30 Orc Burrow
22:20 Great Hall
22:26 Watch Tower
22:28 Watch Tower
22:30 Watch Tower
23:09 Watch Tower
23:12 Watch Tower
24:06 Watch Tower
24:43 Beastiary
25:00 Watch Tower
25:02 Watch Tower
25:04 Watch Tower
28:13 Voodoo Lounge
28:38 Orc Burrow
28:38 Orc Burrow
29:56 Watch Tower
31:03 Orc Burrow
33:21 Watch Tower
» items
| Healing Salve | 5 | |
| Scroll of Speed | 3 | |
| Lesser Clarity Potion | 3 | |
| Scroll of Town Portal | 2 | |
| Orb of Lightning | 1 | |
| Potion of Lesser Invulnerability | 1 | |
| Potion of Healing | 1 | |
16 total

»
FEMINISM_RULES (
green | 56 APM | 1373 actions | 24:23)
4 Dreadlord
2 Vampiric Aura
2 Sleep
2 Death Knight
1 Death Coil
1 Unholy Aura
» actions
| Basic commands | 5 | |
| Build / train | 79 | |
| Enter build submenu | 15 | |
| Enter hero's abilities submenu | 6 | |
| Give item / drop item | 1 | |
| Right click | 945 | |
| Select / deselect | 268 | |
| Use ability | 54 | |
1373 total
» units
| Acolyte | 2 | |
| Ghoul | 32 | |
| Abomination | 19 | |
| Meatwagon | 2 | |
55 total
» upgrades
| Unholy Strength | 3 | |
| Unholy Armor | 3 | |
| Disease Cloud | 1 | |
7 total
» buildings
| Ziggurat | 6 | |
| Altar of Darkness | 1 | |
| Crypt | 2 | |
| Nerubian Tower | 3 | |
| Graveyard | 1 | |
| Tomb of Relics | 1 | |
| Halls of the Dead | 1 | |
| Black Citadel | 1 | |
| Slaughterhouse | 3 | |
19 total
» build order
00:40 Ziggurat
00:42 Ziggurat
00:47 Altar of Darkness
01:12 Crypt
01:44 Crypt
01:59 Nerubian Tower
02:15 Graveyard
02:34 Tomb of Relics
04:30 Ziggurat
05:38 Halls of the Dead
07:26 Ziggurat
07:28 Ziggurat
08:41 Black Citadel
10:49 Slaughterhouse
10:56 Slaughterhouse
10:59 Slaughterhouse
14:03 Ziggurat
23:01 Nerubian Tower
23:01 Nerubian Tower
» items
| Rod of Necromancy | 1 | |
| Scroll of Town Portal | 3 | |
4 total
dodat (
teal | 61 APM | 2517 actions | 41:19)
10 Blademaster
3 Wind Walk
3 Critical Strike
1 Bladestorm
3 Mirror Image
» actions
| Assign group hotkey | 59 | |
| Basic commands | 58 | |
| Build / train | 83 | |
| Enter build submenu | 81 | |
| Enter hero's abilities submenu | 10 | |
| Give item / drop item | 5 | |
| Right click | 1232 | |
| Select / deselect | 400 | |
| Select group hotkey | 313 | |
| Use ability | 276 | |
2517 total
» units
| Peon | 24 | |
| Grunt | 4 | |
| Troll Batrider | 17 | |
45 total
» upgrades
| Reinforced Defenses | 1 | |
| Troll Regeneration | 1 | |
| Ranged Weapons | 3 | |
| Armor | 3 | |
| Liquid Fire | 1 | |
9 total
» buildings
| Orc Burrow | 6 | |
| Altar of Storms | 1 | |
| Barracks | 1 | |
| Voodoo Lounge | 1 | |
| Stronghold | 1 | |
| War Mill | 2 | |
| Great Hall | 3 | |
| Watch Tower | 57 | |
| Fortress | 1 | |
| Beastiary | 5 | |
78 total
» build order
00:17 Orc Burrow
00:58 Orc Burrow
01:09 Altar of Storms
01:12 Barracks
02:16 Voodoo Lounge
02:54 Stronghold
04:05 War Mill
05:26 Great Hall
05:29 Watch Tower
05:30 Watch Tower
05:30 Watch Tower
05:34 Orc Burrow
05:38 Watch Tower
05:44 Watch Tower
07:10 Watch Tower
08:25 Watch Tower
08:26 Watch Tower
08:29 Watch Tower
08:30 Watch Tower
08:36 Watch Tower
10:19 Watch Tower
10:20 Watch Tower
10:20 Watch Tower
10:21 Watch Tower
10:23 Watch Tower
11:07 Fortress
12:00 Beastiary
12:01 Beastiary
12:02 Beastiary
12:03 Beastiary
13:19 Watch Tower
13:19 Watch Tower
13:21 Watch Tower
13:21 Watch Tower
13:49 Watch Tower
13:49 Watch Tower
13:53 Watch Tower
13:54 Watch Tower
14:11 Orc Burrow
14:13 Orc Burrow
15:49 Watch Tower
17:37 Watch Tower
17:39 Watch Tower
17:41 Watch Tower
20:07 Watch Tower
20:07 Watch Tower
20:10 Watch Tower
20:46 War Mill
21:15 Orc Burrow
21:43 Watch Tower
21:44 Watch Tower
21:44 Watch Tower
27:02 Beastiary
30:03 Watch Tower
30:04 Watch Tower
30:04 Watch Tower
30:05 Watch Tower
30:05 Watch Tower
30:06 Watch Tower
30:10 Watch Tower
31:30 Great Hall
31:34 Watch Tower
31:35 Watch Tower
31:35 Watch Tower
31:36 Watch Tower
31:36 Watch Tower
31:37 Watch Tower
32:54 Watch Tower
32:54 Watch Tower
32:55 Watch Tower
32:55 Watch Tower
32:55 Watch Tower
34:02 Great Hall
34:06 Watch Tower
34:06 Watch Tower
34:07 Watch Tower
34:07 Watch Tower
» items
| Healing Salve | 3 | |
| Lesser Clarity Potion | 2 | |
| Potion of Mana | 2 | |
| Orb of Lightning | 1 | |
| Potion of Healing | 2 | |
| Scroll of Town Portal | 5 | |
| Staff of Teleportation | 1 | |
16 total

»
Hitl3rsMustache (
red | 44 APM | 1035 actions | 23:33)
4 Blademaster
2 Wind Walk
2 Critical Strike
» actions
| Assign group hotkey | 26 | |
| Basic commands | 3 | |
| Build / train | 63 | |
| ESC pressed | 1 | |
| Enter build submenu | 25 | |
| Enter hero's abilities submenu | 4 | |
| Remove unit from queue | 2 | |
| Right click | 460 | |
| Select / deselect | 230 | |
| Select group hotkey | 133 | |
| Use ability | 88 | |
1035 total
» units
| Peon | 13 | |
| Grunt | 6 | |
| Wind Rider | 4 | |
| Raider | 4 | |
27 total
» upgrades
| Pillage | 1 | |
| Melee Weapons | 3 | |
| Armor | 3 | |
| Spiked Barricades | 1 | |
| Berserker Strength | 1 | |
| Ranged Weapons | 2 | |
| Envenomed Spears | 1 | |
| Ensnare | 1 | |
| Reinforced Defenses | 1 | |
14 total
» buildings
| Orc Burrow | 8 | |
| Altar of Storms | 1 | |
| Barracks | 1 | |
| War Mill | 1 | |
| Voodoo Lounge | 1 | |
| Stronghold | 1 | |
| Watch Tower | 12 | |
| Beastiary | 2 | |
| Fortress | 1 | |
| Great Hall | 1 | |
29 total
» build order
00:22 Orc Burrow
00:45 Altar of Storms
01:04 Barracks
01:30 War Mill
02:18 Orc Burrow
02:35 Orc Burrow
02:55 Voodoo Lounge
03:55 Stronghold
04:29 Watch Tower
05:10 Orc Burrow
07:02 Watch Tower
07:05 Orc Burrow
08:33 Beastiary
08:38 Beastiary
08:50 Watch Tower
08:53 Watch Tower
10:17 Fortress
11:37 Great Hall
11:40 Watch Tower
11:41 Watch Tower
11:42 Watch Tower
14:06 Orc Burrow
16:48 Watch Tower
17:06 Watch Tower
17:08 Watch Tower
17:08 Watch Tower
17:09 Watch Tower
18:35 Orc Burrow
18:37 Orc Burrow
» items
| Healing Salve | 3 | |
| Scroll of Town Portal | 2 | |
| Potion of Mana | 1 | |
| Orb of Lightning | 1 | |
7 total
team 2 (winner)
AmericanEvil (
yellow | 51 APM | 1528 actions | 30:04)
8 Death Knight
2 Death Coil
3 Unholy Aura
1 Death Pact
2 Animate Dead
» actions
| Assign group hotkey | 30 | |
| Basic commands | 132 | |
| Build / train | 103 | |
| Enter build submenu | 35 | |
| Enter hero's abilities submenu | 9 | |
| Give item / drop item | 2 | |
| Right click | 595 | |
| Select / deselect | 391 | |
| Select group hotkey | 104 | |
| Use ability | 127 | |
1528 total
» units
| Acolyte | 10 | |
| Ghoul | 7 | |
| Crypt Fiend | 13 | |
| Frost Wyrm | 6 | |
| Obsidian Statue | 6 | |
42 total
» upgrades
| Web | 1 | |
| Creature Carapace | 3 | |
| Creature Attack | 3 | |
| Destroyer Form | 1 | |
| Ghoul Frenzy | 1 | |
| Freezing Breath | 1 | |
| Unholy Strength | 2 | |
| Unholy Armor | 2 | |
14 total
» buildings
| Ziggurat | 20 | |
| Crypt | 1 | |
| Graveyard | 1 | |
| Altar of Darkness | 1 | |
| Tomb of Relics | 2 | |
| Nerubian Tower | 5 | |
| Halls of the Dead | 1 | |
| Spirit Tower | 15 | |
| Necropolis | 1 | |
| Black Citadel | 1 | |
| Sacrificial Pit | 1 | |
| Boneyard | 2 | |
| Slaughterhouse | 1 | |
52 total
» build order
00:08 Ziggurat
00:11 Crypt
00:55 Graveyard
01:02 Altar of Darkness
01:38 Tomb of Relics
01:53 Ziggurat
02:47 Nerubian Tower
03:49 Ziggurat
05:07 Ziggurat
06:23 Halls of the Dead
07:01 Ziggurat
07:03 Ziggurat
07:36 Ziggurat
07:56 Nerubian Tower
08:04 Spirit Tower
08:04 Spirit Tower
08:27 Spirit Tower
08:27 Spirit Tower
08:45 Necropolis
09:06 Ziggurat
09:33 Ziggurat
10:01 Spirit Tower
10:31 Spirit Tower
10:34 Black Citadel
11:00 Ziggurat
11:31 Ziggurat
11:49 Tomb of Relics
11:57 Spirit Tower
11:59 Sacrificial Pit
12:39 Spirit Tower
12:54 Nerubian Tower
12:56 Nerubian Tower
12:58 Boneyard
13:10 Boneyard
13:12 Slaughterhouse
14:04 Ziggurat
15:33 Spirit Tower
16:26 Ziggurat
16:38 Spirit Tower
17:30 Nerubian Tower
20:39 Ziggurat
22:40 Ziggurat
22:44 Ziggurat
22:47 Ziggurat
23:27 Spirit Tower
23:32 Ziggurat
23:51 Spirit Tower
23:54 Ziggurat
24:02 Ziggurat
24:58 Spirit Tower
25:02 Spirit Tower
» items
| Rod of Necromancy | 2 | |
| Sacrificial Skull | 1 | |
| Dust of Appearance | 1 | |
| Scroll of Town Portal | 5 | |
| Orb of Corruption | 1 | |
| Scroll of Protection | 1 | |
11 total

»
IconicPenguin2 (
pink | 81 APM | 2838 actions | 35:09)
7 Demon Hunter
3 Mana Burn
3 Evasion
1 Metamorphosis
5 Pandaren Brewmaster
3 Breath of Fire
1 Drunken Haze
1 Drunken Brawler
3 Priestess of the Moon
2 Trueshot Aura
1 Scout
» actions
| Assign group hotkey | 37 | |
| Basic commands | 151 | |
| Build / train | 118 | |
| ESC pressed | 8 | |
| Enter build submenu | 37 | |
| Enter hero's abilities submenu | 15 | |
| Give item / drop item | 3 | |
| Remove unit from queue | 1 | |
| Right click | 1069 | |
| Select / deselect | 652 | |
| Select group hotkey | 582 | |
| Use ability | 165 | |
2838 total
» units
| Wisp | 37 | |
| Archer | 8 | |
| Dryad | 11 | |
| Druid of the Talon | 1 | |
| Hippogryph | 7 | |
| Chimaera | 6 | |
70 total
» upgrades
| Abolish Magic | 1 | |
| Strength of the Wild | 3 | |
| Reinforced Hides | 3 | |
| Ultravision | 1 | |
| Corrosive Breath | 1 | |
| Well Spring | 1 | |
10 total
» buildings
| Moon Well | 7 | |
| Altar of Elders | 1 | |
| Ancient of War | 1 | |
| Tree of Ages | 1 | |
| Hunter's Hall | 1 | |
| Ancient of Wonders | 1 | |
| Tree of Life | 4 | |
| Ancient of Lore | 1 | |
| Ancient of Wind | 2 | |
| Tree of Eternity | 1 | |
| Ancient Protector | 11 | |
| Chimaera Roost | 3 | |
34 total
» build order
00:20 Moon Well
00:36 Altar of Elders
00:48 Ancient of War
01:12 Moon Well
02:44 Moon Well
03:48 Tree of Ages
05:00 Hunter's Hall
05:03 Ancient of Wonders
05:34 Tree of Life
06:49 Ancient of Lore
07:11 Ancient of Wind
08:43 Moon Well
10:22 Tree of Eternity
11:13 Ancient Protector
11:15 Ancient Protector
11:47 Moon Well
11:48 Moon Well
11:57 Ancient of Wind
12:48 Chimaera Roost
12:49 Chimaera Roost
12:54 Chimaera Roost
13:51 Moon Well
15:05 Ancient Protector
21:36 Ancient Protector
22:55 Tree of Life
28:11 Tree of Life
28:20 Ancient Protector
28:22 Ancient Protector
28:24 Ancient Protector
29:17 Tree of Life
29:19 Ancient Protector
29:20 Ancient Protector
29:38 Ancient Protector
29:41 Ancient Protector
» items
| Scroll of Town Portal | 4 | |
| Potion of Healing | 5 | |
| Staff of Preservation | 1 | |
| Dust of Appearance | 2 | |
| Orb of Venom | 2 | |
| Potion of Mana | 1 | |
15 total
theinternetking (
purple | 106 APM | 4370 actions | 41:20)
9 Archmage
3 Summon Water Elemental
3 Brilliance Aura
2 Blizzard
1 Mass Teleport
7 Blood Mage
3 Flame Strike
3 Banish
1 Summon Phoenix
1 Death Knight
1 Death Coil
» actions
| Assign group hotkey | 124 | |
| Basic commands | 109 | |
| Build / train | 248 | |
| ESC pressed | 1 | |
| Enter build submenu | 55 | |
| Enter hero's abilities submenu | 16 | |
| Give item / drop item | 6 | |
| Right click | 1776 | |
| Select / deselect | 574 | |
| Select group hotkey | 1154 | |
| Use ability | 307 | |
4370 total
» units
| Peasant | 18 | |
| Footman | 8 | |
| Dragonhawk Rider | 7 | |
| Gryphon Rider | 7 | |
40 total
» upgrades
| Defend | 1 | |
| Masonry | 3 | |
| Swords | 3 | |
| Armor | 3 | |
| Lumber Harvesting | 1 | |
| Animal War Training | 1 | |
| Cloud | 1 | |
| Storm Hammers | 1 | |
| Backpack | 1 | |
15 total
» buildings
| Altar of Kings | 1 | |
| Barracks | 1 | |
| Farm | 9 | |
| Arcane Vault | 1 | |
| Town Hall | 4 | |
| Lumber Mill | 1 | |
| Keep | 3 | |
| Scout Tower | 44 | |
| Blacksmith | 1 | |
| Guard Tower | 111 | |
| Castle | 2 | |
| Gryphon Aviary | 4 | |
| Ancient Protector | 1 | |
183 total
» build order
01:00 Altar of Kings
01:02 Barracks
01:04 Farm
01:09 Farm
01:19 Farm
01:47 Farm
02:25 Arcane Vault
04:11 Town Hall
05:23 Lumber Mill
06:11 Keep
06:11 Keep
06:13 Scout Tower
06:14 Scout Tower
06:15 Scout Tower
06:32 Scout Tower
06:33 Scout Tower
06:43 Blacksmith
06:47 Guard Tower
06:56 Scout Tower
06:57 Scout Tower
07:00 Scout Tower
07:01 Scout Tower
07:05 Guard Tower
07:06 Guard Tower
07:06 Guard Tower
07:10 Guard Tower
07:10 Guard Tower
07:11 Guard Tower
07:13 Scout Tower
07:17 Scout Tower
07:18 Scout Tower
07:39 Guard Tower
07:39 Guard Tower
07:40 Guard Tower
07:40 Guard Tower
07:47 Guard Tower
07:47 Guard Tower
07:47 Guard Tower
07:48 Guard Tower
07:53 Guard Tower
07:54 Guard Tower
08:10 Guard Tower
08:11 Guard Tower
08:11 Guard Tower
08:16 Guard Tower
08:16 Guard Tower
08:16 Guard Tower
08:17 Guard Tower
08:22 Guard Tower
08:23 Guard Tower
09:43 Castle
10:13 Gryphon Aviary
10:15 Gryphon Aviary
10:23 Farm
10:32 Scout Tower
10:34 Scout Tower
10:35 Scout Tower
10:36 Scout Tower
10:38 Scout Tower
10:39 Scout Tower
10:40 Scout Tower
11:18 Guard Tower
11:18 Guard Tower
11:18 Guard Tower
11:19 Guard Tower
11:19 Guard Tower
11:19 Guard Tower
11:19 Guard Tower
11:20 Guard Tower
11:20 Guard Tower
11:20 Guard Tower
11:48 Guard Tower
11:49 Guard Tower
11:52 Guard Tower
11:53 Guard Tower
11:53 Guard Tower
11:53 Guard Tower
12:03 Guard Tower
12:34 Scout Tower
13:28 Guard Tower
13:28 Guard Tower
13:28 Guard Tower
13:28 Guard Tower
13:31 Scout Tower
13:33 Scout Tower
13:34 Scout Tower
15:51 Guard Tower
15:51 Guard Tower
15:51 Guard Tower
15:51 Guard Tower
15:57 Scout Tower
16:04 Farm
16:06 Farm
16:12 Farm
16:13 Farm
17:03 Guard Tower
17:03 Guard Tower
22:42 Town Hall
22:45 Scout Tower
22:46 Scout Tower
22:48 Scout Tower
22:49 Scout Tower
22:50 Scout Tower
22:51 Scout Tower
22:52 Scout Tower
22:52 Scout Tower
23:20 Gryphon Aviary
23:22 Gryphon Aviary
23:31 Guard Tower
23:31 Guard Tower
23:32 Guard Tower
23:32 Guard Tower
27:58 Guard Tower
27:58 Guard Tower
27:58 Guard Tower
35:23 Town Hall
35:27 Scout Tower
35:28 Scout Tower
35:30 Scout Tower
35:31 Scout Tower
35:33 Scout Tower
35:33 Scout Tower
35:34 Scout Tower
35:35 Scout Tower
35:56 Guard Tower
35:56 Guard Tower
35:56 Guard Tower
36:07 Guard Tower
36:07 Guard Tower
36:07 Guard Tower
36:07 Guard Tower
36:23 Guard Tower
36:23 Guard Tower
36:44 Guard Tower
36:45 Guard Tower
36:45 Guard Tower
36:45 Guard Tower
38:48 Town Hall
38:51 Scout Tower
38:52 Scout Tower
38:53 Scout Tower
38:54 Scout Tower
39:22 Guard Tower
39:22 Guard Tower
39:22 Guard Tower
39:22 Guard Tower
39:23 Guard Tower
39:25 Ancient Protector
39:26 Guard Tower
39:27 Guard Tower
» items
| Mechanical Critter | 8 | |
| Scroll of Regeneration | 8 | |
| Scroll of Town Portal | 3 | |
| Ivory Tower | 3 | |
| Staff of Sanctuary | 2 | |
| Tome of Retraining | 1 | |
| Periapt of Vitality | 2 | |
| Potion of Lesser Invulnerability | 2 | |
| Circlet of Nobility | 1 | |
| Staff of Teleportation | 1 | |
| Potion of Healing | 2 | |
33 total
Reichen (
orange | 32 APM | 1156 actions | 35:37)
2 Death Knight
1 Death Coil
1 Unholy Aura
» actions
| Assign group hotkey | 16 | |
| Basic commands | 1 | |
| Build / train | 70 | |
| ESC pressed | 1 | |
| Enter build submenu | 39 | |
| Enter hero's abilities submenu | 2 | |
| Remove unit from queue | 3 | |
| Right click | 611 | |
| Select / deselect | 272 | |
| Select group hotkey | 90 | |
| Use ability | 51 | |
1156 total
» units
| Acolyte | 18 | |
| Ghoul | 12 | |
| Crypt Fiend | 8 | |
| Gargoyle | 8 | |
46 total
» upgrades
| Creature Attack | 2 | |
| Web | 1 | |
| Creature Carapace | 2 | |
5 total
» buildings
| Crypt | 5 | |
| Ziggurat | 17 | |
| Altar of Darkness | 2 | |
| Graveyard | 2 | |
| Halls of the Dead | 3 | |
| Spirit Tower | 6 | |
| Black Citadel | 1 | |
| Necropolis | 3 | |
39 total
» build order
00:11 Crypt
00:16 Ziggurat
00:34 Altar of Darkness
01:05 Ziggurat
02:19 Graveyard
03:00 Halls of the Dead
04:05 Spirit Tower
04:15 Ziggurat
05:58 Black Citadel
08:16 Necropolis
10:30 Necropolis
13:49 Ziggurat
13:58 Ziggurat
14:11 Graveyard
14:44 Crypt
14:53 Halls of the Dead
15:56 Ziggurat
16:01 Ziggurat
16:19 Altar of Darkness
16:49 Crypt
16:54 Ziggurat
18:23 Ziggurat
18:26 Ziggurat
18:29 Ziggurat
18:41 Crypt
18:53 Crypt
19:16 Ziggurat
19:28 Spirit Tower
19:29 Spirit Tower
19:40 Spirit Tower
24:27 Necropolis
25:01 Ziggurat
25:10 Ziggurat
27:34 Halls of the Dead
29:16 Ziggurat
29:17 Ziggurat
29:18 Ziggurat
30:48 Spirit Tower
30:53 Spirit Tower
» items
| Scroll of Town Portal | 2 | |
| Periapt of Vitality | 1 | |
3 total
Chat log
(00:36 / All) FEMINISM_RULES: GL HF
(00:49 / All) AmericanEvil: no u have fun
(01:45 / Allies) IconicPenguin2: hey guys
(01:47 / Allies) IconicPenguin2: units?
(01:56 / Allies) Reichen: spiders to wyrms
(02:34 / All) dodat: ay yo green lemme see them titties
(03:03 / All) dodat: show da tits ma
(03:08 / All) FEMINISM_RULES: im a dude
(03:13 / All) FEMINISM_RULES: i just believe in feminism
(03:20 / All) FEMINISM_RULES: females i believe are greater than men
(03:22 / All) dodat: bitch please why u fo dat feminism den?
(03:26 / All) dodat: u ate up son!
(03:29 / All) IconicPenguin2: that is not feminism idiot
(03:38 / All) IconicPenguin2: feminism seeks equal conditions
(03:43 / All) FEMINISM_RULES: not true
(03:44 / All) FEMINISM_RULES: Feminism
(03:46 / All) FEMINISM_RULES: my
(03:49 / All) FEMINISM_RULES: ignorant friend
(03:53 / All) dodat: den they call it dat EGALITARIANISM yo
(03:58 / All) FEMINISM_RULES: question
(04:02 / All) FEMINISM_RULES: do u like your mother
(06:27 / Allies) Reichen: help
(06:48 / All) FEMINISM_RULES: GG
(08:11 / All) Hitl3rsMustache: blow me
(10:47 / Allies) theinternetking: counter their expos
(14:40 / Allies) IconicPenguin2: come yellow
(16:57 / All) IconicPenguin2: u blow me
(18:37 / All) dodat: pink's mher lawl
(22:24 / All) Hitl3rsMustache: nigga got 7k gold
(22:30 / All) theinternetking: so do I
(23:25 / All) FEMINISM_RULES: great comeback
(23:25 / All) FEMINISM_RULES: guys
(23:29 / All) FEMINISM_RULES: but to be fair
(23:31 / All) FEMINISM_RULES: i was stuck with a shitty
(23:32 / All) FEMINISM_RULES: team
(23:34 / All) FEMINISM_RULES: except
(23:36 / All) theinternetking: yea you were on it
(23:37 / All) FEMINISM_RULES: red
(23:38 / All) theinternetking: bad luck
(23:39 / All) FEMINISM_RULES: lmao
(23:46 / All) FEMINISM_RULES: you are 0-1
(23:48 / All) FEMINISM_RULES: can you stat me
(23:52 / All) FEMINISM_RULES: even with a loss
(23:54 / All) FEMINISM_RULES: Im 2/3
(23:55 / All) FEMINISM_RULES: ur 1-1
(23:56 / All) theinternetking: I am 0-0
(23:58 / All) FEMINISM_RULES: make a new
(24:00 / All) FEMINISM_RULES: account noob
(24:02 / All) theinternetking: I left my first game
(24:04 / All) theinternetking: didn't even play it
(24:06 / All) FEMINISM_RULES: doesnt matter
(24:08 / All) FEMINISM_RULES: you lost
(24:09 / All) FEMINISM_RULES: lmao noob
(24:12 / All) FEMINISM_RULES: qq after okay
(24:13 / All) theinternetking: I don't play for record like you do either
(24:14 / All) FEMINISM_RULES: and head to campaign
(24:20 / All) FEMINISM_RULES: cuz u sck kid
(24:23 / All) theinternetking: You're 3-1 now lol
(24:27 / All) theinternetking: mad your perfect record got broken?
(27:01 / All) theinternetking: Green is whispering me
(27:28 / All) theinternetking: he's upset he got his first loss on his new account
(27:33 / All) theinternetking: and thinks 3-0 is a big deal when you can get that afking
(27:38 / All) t_K: loll
(28:52 / Allies) AmericanEvil: just playing now purp
(29:32 / Allies) theinternetking: I'm playing with you
(29:50 / Allies) IconicPenguin2: get cloud
(29:50 / Allies) IconicPenguin2: plz
(30:01 / All) AmericanEvil: gg
(31:30 / Allies) IconicPenguin2: why did u tk yellow
(31:32 / Allies) IconicPenguin2: u fucker
(31:36 / Allies) theinternetking: I felt like it
(31:51 / Allies) IconicPenguin2: are u an imbecile?
(34:53 / All) IconicPenguin2: Fucking sad
(35:01 / All) dodat: YEs you are noob
(35:03 / All) IconicPenguin2: u have to play with a friend on other team to win teal
(35:07 / Allies) theinternetking: I'm not going to kill anything else for now
(35:07 / All) IconicPenguin2: fucking idiot
(35:10 / Allies) theinternetking: You may keep the rest of your stuff
(35:16 / All) dodat: lol
(36:22 / All) dodat: lkawl wasn't watching my bm
(39:00 / All) dodat: lets creeping
(39:06 / All) dodat: lol
(39:49 / All) dodat: beast
(39:57 / All) t_K: gg
(39:59 / All) t_K: was nice
(40:18 / All) dodat: barely a scratch
(40:27 / All) t_K: teal
(40:34 / All) t_K: make us a happy
(40:38 / All) t_K: and get a life
(40:43 / All) t_K: game sfreaking 15 years old
(40:45 / All) theinternetking: "us"?
(40:47 / All) dodat: I'm making a good life right
(40:48 / All) t_K: gg
(40:49 / All) dodat: now
(40:51 / All) dodat: with your mother
(40:52 / All) dodat: :DDD
(40:54 / All) dodat: XD
(40:58 / All) dodat: law
(41:01 / All) theinternetking: lol
(41:12 / All) dodat: green lose since he's a whopping 3-0 !!!!!